 Dungeon Crawl Stone Soup version 0.30.0-29-ga12c61a403 (webtiles) character file.

Game seed: 5407173101312720333

1488 howech the Chopper (level 8, 0/70 HPs)
             Began as a Minotaur Berserker on June 18, 2023.
             Was an Elder of Trog.
             Killed by vampiric draining
             ... invoked by a vampire
              (16 damage)
             ... on level 6 of the Dungeon.
             The game lasted 00:20:12 (5992 turns).

howech the Chopper (Minotaur Berserker)             Turns: 5992, Time: 00:20:12

Health: 0/70       AC: 14    Str: 21    XL:     8   Next: 51%
Magic:  7/7        EV:  7    Int:  6    God:    Trog [****..]
Gold:   239        SH:  0    Dex: 11    Spells: 7/7 levels left

rFire   . . .        a - +0 hand axe
rCold   . . .        (no shield)
rNeg    . . .        e - +0 plate armour
rPois   +            (helmet restricted)
rElec   .            G - scarf {repulsion}
rCorr   +            (no gloves)
SInv    .            y - +1 pair of boots
Will    ++...        (no amulet) Stlth
                     w - ring of resist corrosion
HPRegen 1.31/turn    d - ring of poison resistance
MPRegen 0.10/turn

%: repel missiles
@: strong-willed, on berserk cooldown, regenerating, slowed, very slow
A: horns 2, retaliatory headbutt
a: Renounce Religion, Berserk, Trog's Hand, Brothers in Arms


You were on level 6 of the Dungeon.
You worshipped Trog.
Trog was greatly pleased with you.
You visited 1 branch of the dungeon, and saw 6 of its levels.
You also visited: Sewer.

You collected 283 gold pieces.
You spent 44 gold pieces at shops.

Inventory:

Hand Weapons
 a - a +0 hand axe (weapon)
 m - a +7 club
 B - a +0 broad axe
Missiles
 c - 17 poisoned darts (quivered)
 u - 3 throwing nets
 C - 3 javelins
Armour
 e - a +0 plate armour (worn)
 y - a +1 pair of boots (worn)
 A - a +0 chain mail
 G - a scarf of repulsion (worn)
Jewellery
 d - a ring of poison resistance (right hand)
 w - a ring of resist corrosion (left hand)
Wands
 l - a wand of roots (10)
Scrolls
 f - a scroll of noise {unknown}
 g - a scroll of identify
 j - 2 scrolls of blinking
 n - 3 scrolls of enchant armour
 o - 4 scrolls of teleportation
 p - 3 scrolls of magic mapping
 E - a scroll of poison
Potions
 b - a potion of magic
 h - a potion of mutation
 i - 2 potions of heal wounds
 k - 5 potions of might
 q - 2 potions of ambrosia
 t - 4 potions of invisibility
 v - 4 potions of curing
 x - a potion of cancellation
 D - 6 potions of flight


   Skills:
 + Level 5.9 Fighting
 * Level 7.4 Axes
 + Level 3.5 Throwing
 + Level 4.8 Armour
 + Level 4.5 Dodging
 + Level 4.2 Shields
 + Level 3.0 Evocations


You had 7 spell levels left.
You didn't know any spells.
Your spell library was empty.

Dungeon Overview and Level Annotations

Branches:
Dungeon (6/15)              Sewer (visited)
 Temple: D:4-7

Altars:
Dithmenos
Hepliaklqana
Kikubaaqudgha
Okawaru
Ru
Trog
Yredelemnul

Shops:
D:3 (   D:4 (


Innate Abilities, Weirdness & Mutations

You have a pair of horns on your head.
You reflexively headbutt those who attack you in melee.


Message History

You barely miss something. Something hits you but does no damage.
Something bites you but does no damage.
You miss something. You closely miss something. You headbutt something!
Something draws life force from you!!
You miss something. You barely miss something.
You hear some strange, mumbled words.
Something tries to affect you, but you resist.
You hit something but do no damage. You headbutt something!
Something hits you but does no damage. Something bites you but does no damage.
You barely miss something. You barely miss something.
Your headbutt misses something. Something hits you. Something bites you!
Something draws strength from your injuries!
You barely miss something. You barely miss something.
Something hits you but does no damage. Something bites you but does no damage.
You hit something. Something hits you but does no damage. Something bites you!
Something draws strength from your injuries!
You closely miss something. You barely miss something.
Something hits you but does no damage. Something bites you but does no damage.
You slash something! Your headbutt misses something.
Something draws life force from you!
* * * LOW HITPOINT WARNING * * *
You hit something but do no damage. You hit something.
Something hits you but does no damage. Something bites you but does no damage.
You hit something. Your headbutt misses something. You hit something.
Your headbutt misses something. Something hits you.
* * * LOW HITPOINT WARNING * * *
Something bites you.
* * * LOW HITPOINT WARNING * * *
Something draws strength from your injuries!
You hit something.
You are no longer berserk.
You are exhausted.
You feel yourself slow down. Something draws life force from you!
You die...

# #.# #.#
#.###.#
#.....#
#####.# #.#
. #.# .
#.#####.###
.
#.....@{).#
.
#########.#
. .# . .. .
#.. ...
S... ~~~.~


There were no monsters in sight!

Vanquished Creatures
  Prince Ribbit (D:6)
  An ice beast (D:6)
  A sky beast (D:6)
  A black bear (D:6)
  A centaur (D:6)
  The ghost of hawla the Firebug, an amateur MeFE of Vehumet (D:4)
  A scorpion (D:6)
  A gnoll sergeant (D:5)
  A hound (D:6)
  A jelly (D:5)
  Ijyb (D:2)
  Terence (D:2)
  An iguana (D:4)
  4 orc wizards
  Robin (D:3)
  16 gnolls
  3 river rats (Sewer)
  12 adders
  A white imp (D:6)
  An ufetubus (D:3)
  2 worms
  3 dart slugs
  11 orcs
  12 bats
  5 endoplasms
  3 giant cockroaches
  26 goblins
  20 hobgoblins
  4 jackals (Sewer)
  5 kobolds
  6 quokkas
  11 ball pythons
  7 frilled lizards
  14 rats
180 creatures vanquished.

Notes
Turn   | Place    | Note
-------+----------+-------------------------------------------
     0 | D:1      | howech the Minotaur Berserker began the quest for the Orb.
     0 | D:1      | Reached XP level 1. HP: 19/19 MP: 0/0
   115 | D:1      | Reached XP level 2. HP: 22/27 MP: 1/1
   569 | D:1      | Reached skill level 4 in Axes
   868 | D:2      | Reached XP level 3. HP: 28/33 MP: 2/2
   872 | D:2      | Reached ** piety under Trog
  1022 | D:2      | Noticed Ijyb
  1028 | D:2      | Killed Ijyb
  1029 | D:2      | Reached skill level 1 in Throwing
  1029 | D:2      | Reached skill level 1 in Shields
  1070 | D:2      | Found a faded altar of an unknown god.
  1191 | D:2      | Reached XP level 4. HP: 36/40 MP: 3/3
  1308 | D:2      | Noticed Terence
  1316 | D:2      | Killed Terence
  1946 | D:3      | Reached skill level 1 in Evocations
  1960 | D:3      | Found Rumn's Antique Weapon Boutique.
  1960 | D:3      | Noticed Robin
  1980 | D:3      | Killed Robin
  1981 | D:3      | Reached XP level 5. HP: 34/46 MP: 4/4
  2211 | D:3      | Found an ancient bone altar of Kikubaaqudgha.
  2316 | D:3      | Found a bloodstained altar of Trog.
  2866 | D:4      | Found a sacrificial altar of Ru.
  2877 | D:4      | Reached *** piety under Trog
  2878 | D:4      | Reached skill level 5 in Axes
  2989 | D:4      | Found a runed translucent door.
  3034 | D:4      | Found Luth's Weapon Emporium.
  3042 | D:4      | Bought a +0 broad axe for 44 gold pieces
  3076 | D:4      | Noticed hawla's ghost (amateur MeFE)
  3087 | D:4      | Killed hawla's ghost
  3088 | D:4      | Reached XP level 6. HP: 53/53 MP: 5/5
  3120 | D:4      | Identified the +6 short sword of Puaseaxyge {drain, rElec
                  | rN+ Str+3 Dex-2}
  3477 | D:5      | Entered Level 5 of the Dungeon
  3534 | D:5      | Found a glowing drain.
  3538 | Sewer    | Entered a sewer
  4288 | D:5      | Found a shadowy altar of Dithmenos.
  4520 | D:5      | Reached XP level 7. HP: 60/60 MP: 6/6
  4529 | D:5      | Reached **** piety under Trog
  4607 | D:5      | Reached skill level 5 in Fighting
  4713 | D:5      | Found an iron altar of Okawaru.
  4811 | D:5      | Reached skill level 6 in Axes
  5510 | D:6      | Found a basalt altar of Yredelemnul.
  5555 | D:6      | Noticed Prince Ribbit
  5573 | D:6      | Reached XP level 8. HP: 36/69 MP: 7/7
  5589 | D:6      | Killed Prince Ribbit
  5590 | D:6      | Reached skill level 7 in Axes
  5673 | D:6      | Found a hazy altar of Hepliaklqana.
  5992 | D:6      | Killed from afar by a vampire

Illustrated notes

Levels and vault maps discovered:
D:1:      dpeg_arrival_ratfight, layout_basic
D:2:      kennysheep_the_goblin_king, layout_loops_cross,
          ebering_ecumenical_altar_abandoned, st_stairs_10, uniq_terence
D:3:      layout_basic, mainiacjoe_overflow_six_doors_small,
          mainiacjoe_overflow_paths, serial_shops, nicolae_shop_tiny_waterfront,
          uniq_robin
D:4:      layout_loops_cross, nicolae_ru_great_annihilating_truth,
          gammafunk_ghost_grave, serial_shops, shop
D:5:      layout_loops_ring, okawaru_trees_2, nicolae_dithmenos_shadow_blocks,
          gup_sewer_entry_bowl, hangedman_abyss_or_decor_stagger,
          eino_small_chamber_without_monster
D:6:      minmay_goblin_kobold_castle, layout_basic,
          mainiacjoe_overflow_concentric_impassable, old_standard_altar,
          uniq_prince_ribbit1

Skill      XL: |  1  2  3  4  5  6  7  8 |
---------------+-------------------------+-----
Axes           | 4 5 6 7 |  7.4
Throwing       | 1 2 3 |  3.5
Shields        | 1 2 3 4 |  4.2
Fighting       | 4 5 |  5.9
Armour         | 3 4 |  4.8
Evocations     | 1 2 3 |  3.0
Dodging        | 3 4 |  4.5

Action                     |  1- 3 |  4- 6 |  7- 9 || total
---------------------------+-------+-------+-------++-------
  Melee: Hand axe          |    70 |   232 |   154 ||   456
         Headbutt          |     2 |    36 |    34 ||    72
         Punch             |     2 |     1 |     1 ||     4
  Throw: Dart              |       |    13 |     1 ||    14
 Invoke: Berserk           |     1 |     2 |     5 ||     8
         Trog's Hand       |     1 |     1 |     3 ||     5
    Use: Scroll            |       |     7 |    12 ||    19
         Potion            |       |       |     3 ||     3
   Stab: Paralysed         |       |     2 |       ||     2
 Armour: Animal skin       |     1 |       |       ||     1
         Plate armour      |    42 |   165 |   125 ||   332
  Dodge: Dodged            |    26 |   114 |    63 ||   203
